AoeStats
← BottleDry

African Clearing

506700034Analyzed
4v4 RM · 18d ago on Sep 14, 2026· 38m 22s· 8 players
Game mode
Random Map
Map size
Large (8 player)
Population
200
Speed
Normal
Resources
Standard
Victory
Conquest
Starting age
Dark Age
Ending age
Imperial Age
RankedLock teamsTeams togetherTeam positionsShared explorationLock speedFull tech treeHidden civsTurbo modeCheats
Victory
Defeat
🇵🇱 Franks · Poland
969
+14
🇺🇸 Lithuanians · United States
931
+16
🇹🇷 Persians · Türkiye
924
+16
🇬🇧 Ethiopians · United Kingdom
921
+16
🇹🇷 Hindustanis · Türkiye
994
-18
🇫🇷 Goths · France
976
-17
🇧🇷 Berbers · Brazil
910
-15
🇨🇱 Italians · Chile
835
-12
BottleDry
3:01 Loom
14:24 Feudal Age
15:35 Horse Collar
15:39 Man-at-Arms
16:32 Double-Bit Axe
18:49 Gold Mining
20:57 Scale Barding Armor
21:03 Forging
25:01 Forging
27:24 Bloodlines
31:03 Castle Age
32:04 Husbandry
32:26 Chain Barding Armor
32:42 Iron Casting
32:02 Fletching
32:12 Padded Archer Armor
32:13 Stone Mining
36:38 Bodkin Arrow
36:59 Leather Archer Armor
36:22 Elite Skirmisher
38:05 Town Watch
Erkal
6:01 Loom
13:47 Feudal Age
17:06 Bloodlines
17:59 Scale Barding Armor
18:03 Horse Collar
25:49 Castle Age
24:24 Padded Archer Armor
24:30 Fletching
36:44 Husbandry
Horahlooks
4:40 Loom
15:16 Feudal Age
20:13 Castle Age
18:15 Scale Mail Armor
18:47 Forging
20:42 Double-Bit Axe
29:56 Gold Mining
30:18 Bow Saw
30:42 Bow Saw
30:50 Chain Mail Armor
31:29 Royal Heirs
32:19 Horse Collar
38:26 Wheelbarrow
mateuszes
7:01 Loom
16:30 Feudal Age
17:27 Double-Bit Axe
23:02 Castle Age
22:20 Gold Mining
25:11 Forging
25:07 Scale Barding Armor
24:32 Pikeman
27:05 Squires
28:18 Town Watch
31:56 Iron Casting
32:42 Wheelbarrow
33:53 Gold Shaft Mining
33:21 Husbandry
38:34 Imperial Age
38:02 Chain Barding Armor
Beuhfa
5:10 Loom
13:55 Feudal Age
16:40 Double-Bit Axe
22:43 Castle Age
20:31 Horse Collar
21:14 Scale Mail Armor
23:42 Squires
25:34 Town Watch
26:24 Wheelbarrow
25:22 Pikeman
30:10 Chain Mail Armor
30:36 Heavy Plow
31:03 Hand Cart
31:26 Forging
31:51 Stone Mining
31:52 Gold Mining
33:08 Town Patrol
33:45 Fletching
34:30 Iron Casting
35:04 Ballistics
34:40 Murder Holes
35:27 Masonry
40:16 Imperial Age
38:23 Bodkin Arrow
HaweN
13:19 Feudal Age
19:49 Castle Age
18:12 Double-Bit Axe
19:01 Horse Collar
30:55 Man-at-Arms
31:36 Squires
32:12 Stone Mining
33:48 Crossbowman
aragorn
8:10 Loom
18:50 Feudal Age
24:27 Castle Age
24:03 Double-Bit Axe
26:24 Wheelbarrow
32:09 Horse Collar
33:12 Murder Holes
34:09 Fletching
34:59 Bodkin Arrow
36:30 Scale Barding Armor
37:36 Bloodlines
37:49 Chain Barding Armor
38:22 Gold Mining
Juan Carlos Bodoque
3:51 Loom
16:26 Feudal Age
17:13 Double-Bit Axe
17:32 Town Watch
18:25 Wheelbarrow
18:10 Horse Collar
22:54 Castle Age
33:44 Squires
34:31 Fletching
36:10 Bodkin Arrow
38:36 Ballistics
38:26 Padded Archer Armor
Connection lost

Rejoining the realm…

Still unreachable

The connection could not be restored.

Session expired

The server has moved on; the page needs a fresh start.